 Dungeon Crawl Stone Soup version 0.31.0-9-g3a7656b989 (webtiles) character file.

Game seed: 15767544587579532642

1 qw the Shooter (level 1, -3/10 HPs)
             Began as a Spriggan Hunter on Feb 2, 2024.
             Slain by a ribbon worm (7 damage)
             ... on level 1 of the Dungeon.
             The game lasted 00:00:00 (57 turns).

qw the Shooter (Spriggan Hunter)                      Turns: 57, Time: 00:00:00

Health: -3/10      AC:  2    Str:  7    XL:     1   Next: 16%
Magic:  2/2        EV: 18    Int: 10    God:
Gold:   0          SH:  0    Dex: 18    Spells: 0/0 levels left

rFire   . . .        a - +0 shortbow
rCold   . . .        (shield currently unavailable)
rNeg    . . .        c - +0 robe
rPois   .            (helmet restricted)
rElec   .            (no cloak)
rCorr   .            (gloves unavailable)
SInv    +            (boots unavailable)
Will    .....        (no amulet)
Stlth   ++           (no ring)
HPRegen 0.21/turn    (no ring)
MPRegen 0.08/turn

%: no passive effects
@: very quick
A: very small, no large weapons, unfitting armour, see invisible, speed 3
a: no special abilities


You were on level 1 of the Dungeon.
You visited 1 branch of the dungeon, and saw 1 of its levels.


Innate Abilities, Weirdness & Mutations

You are very small and have problems with some larger weapons.
You are too small for most types of armour.
You have supernaturally acute eyesight. (SInv)
You cover ground extremely quickly. (Speed+++)


   Skills:
 - Level 1.5 Fighting
 - Level 4.0 Ranged Weapons
 + Level 2.9 Dodging
 - Level 1.5 Stealth


You couldn't memorise any spells.
You didn't know any spells.
Your spell library was empty.

Inventory:

Hand Weapons
 a - a +0 shortbow (weapon)
Armour
 c - a +0 robe (worn)
Scrolls
 b - a scroll of butterflies

Dungeon Overview and Level Annotations

Branches:
Dungeon (1/15)

Altars:


Message History

A frilled lizard comes into view.
You struggle to detach yourself from the web.
The frilled lizard misses you.
The web tears apart.
The frilled lizard closely misses you.
You shoot an arrow. The arrow misses the frilled lizard.
The frilled lizard completely misses you.
You shoot an arrow. The arrow misses the frilled lizard.
The frilled lizard closely misses you. The frilled lizard misses you.
You shoot an arrow. The arrow hits the frilled lizard!
You kill the frilled lizard!
You shoot an arrow. The arrow hits the ribbon worm.
The ribbon worm is moderately wounded.
The ribbon worm bites you!
Ouch! That really hurt!
You shoot an arrow. The arrow hits the ribbon worm.
The ribbon worm is heavily wounded.
The ribbon worm expels a string of sticky webbing.
The stream of webbing misses you.
You shoot an arrow. The arrow hits the ribbon worm.
The ribbon worm is severely wounded.
The ribbon worm closely misses you.
You shoot an arrow.
The arrow hits the ribbon worm but does no damage.
The ribbon worm is heavily wounded.
You shoot an arrow.
The arrow barely misses the ribbon worm.
The ribbon worm expels a string of sticky webbing.
The stream of webbing misses you.
You shoot an arrow. The arrow hits the ribbon worm.
The ribbon worm is severely wounded.
The ribbon worm closely misses you.
You shoot an arrow. The arrow hits the ribbon worm.
The ribbon worm is almost dead.
The ribbon worm misses you.
You shoot an arrow. The arrow hits the ribbon worm.
The ribbon worm is almost dead.
The ribbon worm bites you!
Ouch! That really hurt!
You die...

....... #......
#..^... #..... #....
#^.. #.w### .. #.@.##
... ###..#####...
##.........
##############........
#.....................
#.....................
#...............%.....
##.###########........
#.# #........


You could see a ribbon worm (catching breath).

Vanquished Creatures
  A frilled lizard (D:1)
  A rat (D:1)
2 creatures vanquished.

Notes
Turn   | Place    | Note
-------+----------+-------------------------------------------
     0 | D:1      | qw the Spriggan Hunter began the quest for the Orb.
     0 | D:1      | Reached XP level 1. HP: 10/10 MP: 2/2
     0 | D:1      | 0 ||| qw: Version: 0.3-a-155-g5e7d8dd
     0 | D:1      | 0 ||| qw: Game counter: 2546
     0 | D:1      | 0 ||| qw: Melee chars always use a shield: true
     0 | D:1      | 0 ||| qw: God list: Okawaru
     0 | D:1      | 0 ||| qw: Allow faded altars: false
     0 | D:1      | 0 ||| qw: Do Orc after clearing Dungeon:15 true
     0 | D:1      | 0 ||| qw: Do second Lair branch before Depths: true
     0 | D:1      | 0 ||| qw: Lair rune preference: random
     0 | D:1      | 0 ||| qw: Goals: Normal
     0 | D:1      | 0 ||| PLANNING D:1-11
    50 | D:1      | HP: 2/10 [ribbon worm (8)]
    57 | D:1      | Slain by a ribbon worm

Levels and vault maps discovered:
D:1:      lightli_arrival_statue_moat, layout_basic, serial_shops, shop,
          serial_park_tiny_pond, nicolae_wormholes

Action                     || total
---------------------------++-------
   Fire: Shortbow          ||    18
 Armour: Robe              ||     2
  Dodge: Dodged            ||    10

Table legend:
 A = Non-vault XP
 B = Vault XP
 C = Vault XP percentage of total XP
 D = Non-vault monster count
 E = Vault monster count
 F = Vault count percentage of total count
                 A         B        C        D         E       F
            +---------+---------+-------+---------+---------+-------
      Total |       2 |       0 |   0.0 |       2 |       0 |   0.0
            +---------+---------+-------+---------+---------+-------
        D:1 |       2 |       0 |   0.0 |       2 |       0 |   0.0
            +---------+---------+-------+---------+---------+-------
